 Dungeon Crawl Stone Soup version 0.31-a0-43-g46d131a48f (webtiles) character file.

Game seed: 3157363411104726340

2919 Dirtsage the Cleaver (level 9, -18/94 HPs)
             Began as a Demonspawn Berserker on May 16, 2023.
             Was an Elder of Trog.
             Demolished by a white ugly thing (27 damage)
             ... on level 7 of the Dungeon on May 18, 2023.
             The game lasted 00:11:35 (7778 turns).

Dirtsage the Cleaver (Demonspawn Berserker)         Turns: 7778, Time: 00:11:36

Health: -18/94     AC:  8    Str: 21    XL:     9   Next: 50%
Magic:  9/9        EV:  8    Int: 10    God:    Trog [****..]
Gold:   362        SH:  5    Dex: 12    Spells: 8/8 levels left

rFire   . . .        D - +0 war axe
rCold   . . .        y - +0 buckler
rNeg    . . .        z - +0 chain mail
rPois   .            (helmet restricted)
rElec   .            (no cloak)
rCorr   .            (no gloves)
SInv    .            (no boots)
Will    .....        (no amulet) Stlth
                     (no ring)
HPRegen 0.35/turn    (no ring)
MPRegen 0.11/turn

%: no passive effects
@: berserking (expiring), very quick
A: claws 1, hooves 1, horns 1, demonic guardian 1
a: Renounce Religion, Berserk, Trog's Hand, Brothers in Arms


You were on level 7 of the Dungeon.
You worshipped Trog.
Trog was greatly pleased with you.
You visited 2 branches of the dungeon, and saw 8 of its levels.

You collected 362 gold pieces.

Inventory:

Hand Weapons
 a - a +0 hand axe
 D - a +0 war axe (weapon)
Missiles
 F - a throwing net (quivered)
Armour
 o - a +0 leather armour
 y - a +0 buckler (worn)
 z - a +0 chain mail (worn)
Jewellery
 B - a ring of ice
Wands
 b - a wand of polymorph (7)
 r - a wand of paralysis (16)
 v - a wand of flame (8)
Scrolls
 d - 8 scrolls of teleportation {unknown}
 e - a scroll of brand weapon {unknown}
 g - 3 scrolls of fog {unknown}
 i - 4 scrolls of noise {unknown}
 j - 2 scrolls of poison {unknown}
 k - a scroll of blinking {unknown}
 s - 6 scrolls of identify {unknown}
 t - 3 scrolls of magic mapping {unknown}
 x - a scroll of fear {unknown}
 A - 2 scrolls of enchant armour {unknown}
 H - a scroll of enchant weapon {unknown}
Potions
 c - 2 potions of mutation {unknown}
 f - 2 potions of magic {unknown}
 h - 4 potions of haste
 l - 3 potions of brilliance {unknown}
 m - 5 potions of curing {unknown}
 n - a potion of berserk rage {unknown}
 p - 4 potions of flight {unknown}
 q - 2 potions of degeneration {unknown}
 u - 2 potions of ambrosia {unknown}
 w - 2 potions of heal wounds {unknown}
 C - a potion of attraction {unknown}
 E - a potion of resistance {unknown}
 G - 2 potions of lignification {unknown}


   Skills:
 - Level 3.0 Fighting
 * Level 11.3 Axes
 - Level 1.7 Armour
 - Level 1.7 Dodging
 + Level 4.9 Shields


You had 8 spell levels left.
You didn't know any spells.
Your spell library contained the following spells:

 Spells                   Type           Power      Damage    Failure   Level
 Leda's Liquefaction      Hex/Erth       0%         N/A       100%        4
 Passage of Golubria      Tloc           0%         N/A       100%        4
 Lee's Rapid Deconstruct  Erth           0%         3d4*      100%        5
 Silence                  Hex/Air        0%         N/A       100%        5
 Statue Form              Tmut/Erth      0%         N/A       100%        6
 Lehudib's Crystal Spear  Conj/Erth      0%         10d2      100%        8


Dungeon Overview and Level Annotations

Branches:
Dungeon (7/15)             Temple (1/1) D:4

Altars:
Ashenzari
Cheibriados
Dithmenos
Fedhas
Gozag
Hepliaklqana
Kikubaaqudgha
Makhleb
Nemelex Xobeh
Qazlal
Ru
Sif Muna
Trog
Uskayaw
Vehumet
Wu Jian
Xom
Yredelemnul

Annotations:
D:5 3 runed translucent doors, bmj180's ghost, novice DrAE


Innate Abilities, Weirdness & Mutations

You have sharp fingernails.
You have large cloven feet.
You have a pair of small horns on your head.
A weak demonic guardian rushes to your aid.


Message History

A white ugly thing comes into view.
A red film seems to cover your vision as you go berserk!
You feel yourself moving faster!
You feel mighty!
You now have 94/94 hp.
You barely miss the white ugly thing. You kick the white ugly thing!
The white ugly thing is lightly wounded.
The white ugly thing barely misses you.
You barely miss the white ugly thing. Your kick misses the white ugly thing.
The white ugly thing is lightly wounded.
The white ugly thing kicks you but does no damage.
You slash the white ugly thing! You kick the white ugly thing!
You headbutt the white ugly thing!
The white ugly thing is severely wounded.
You barely miss the white ugly thing. Your kick misses the white ugly thing.
The white ugly thing is severely wounded.
The white ugly thing kicks you! The white ugly thing freezes you!!
A demonic guardian appears!
You take 33 damage, and have 61/94 hp.
MASSIVE DAMAGE!!
You barely miss the white ugly thing.
The white ugly thing is severely wounded.
The white ugly thing kicks you! The white ugly thing freezes you!!
* * * LOW HITPOINT WARNING * * *
You take 42 damage, and have 19/94 hp.
MASSIVE DAMAGE!!
You slash the white ugly thing! Your kick misses the white ugly thing.
The white ugly thing is severely wounded.
You hit the white ugly thing.
The white ugly thing is severely wounded.
The white ugly thing completely misses you.
You closely miss the white ugly thing.
The white ugly thing is severely wounded.
You hit the white ugly thing but do no damage.
The white ugly thing is severely wounded.
The white ugly thing kicks you but does no damage.
Your white imp hits the white ugly thing but does no damage.
You slash the white ugly thing! You kick the white ugly thing.
The white ugly thing is almost dead.
The white ugly thing kicks you!
* * * LOW HITPOINT WARNING * * *
The white ugly thing freezes you!!
You die...

##.#.#.##..######
##..#.#.##..######
####...#.#.##.......#
............#...###.#
## #........#...# #
#.###..#.##.....# #..
#.###.#.#####..# #.#
#u...#.# #......#
#5@.##[# #.####.#
#..###.# #.# . ...##
#.# #.# # #..# #.# .#
.... ..# .# #####


You could see a white ugly thing (ally target) and a friendly white imp
(summoned).

Vanquished Creatures
  2 water moccasins
  An orc warrior (D:6)
  4 ice beasts
  A sky beast (D:6)
  2 ogres
  A centaur (D:7)
  A phantom (D:4)
  2 bullfrogs
  A water moccasin zombie (D:4)
  A scorpion (D:5)
  3 wights (D:6)
  A water moccasin skeleton (D:4)
  5 killer bees (D:7)
  A howler monkey (D:4)
  6 hounds
  4 jellies
  An orc priest (D:3)
  A gnoll bouda (D:3)
  A sleepcap (D:6)
  Ijyb (D:3)
  Natasha (thrice) (D:3)
  Terence (D:3)
  A scorpion zombie (D:4)
  2 iguanas
  8 orc wizards
  A hound zombie (D:4)
  Robin (D:3)
  4 gnolls (D:3)
  5 adders
  An ufetubus (D:6)
  2 adder zombies (D:4)
  3 worms
  4 adder skeletons (D:4)
  17 orcs
  4 bats
  12 endoplasms
  6 giant cockroaches
  16 goblins
  15 hobgoblins
  2 quokkas
  8 ball pythons
  3 frilled lizards
  13 kobolds
  4 rats
176 creatures vanquished.

Vanquished Creatures (collateral kills)
  A bullfrog (D:7)
  A hound zombie (D:4)
  An adder (D:2)
  2 endoplasms (D:3)
  3 rats
8 creatures vanquished.

Grand Total: 184 creatures vanquished

Notes
Turn   | Place    | Note
-------+----------+-------------------------------------------
     0 | D:1      | Dirtsage the Demonspawn Berserker began the quest for the
                  | Orb.
     0 | D:1      | Reached XP level 1. HP: 18/18 MP: 1/1
    91 | D:1      | Reached skill level 3 in Axes
   225 | D:1      | Gained mutation: A weak demonic guardian rushes to your
                  | aid. [demonic ancestry]
   225 | D:1      | Reached XP level 2. HP: 24/24 MP: 2/2
   525 | D:1      | Reached ** piety under Trog
   767 | D:1      | Found a faded altar of an unknown god.
  1060 | D:2      | Reached XP level 3. HP: 29/29 MP: 3/3
  1148 | D:2      | Reached skill level 4 in Axes
  1458 | D:2      | Discovered your monstrous ancestry.
  1458 | D:2      | Gained mutation: You have large cloven feet. [demonic
                  | ancestry]
  1458 | D:2      | Reached XP level 4. HP: 35/35 MP: 4/4
  1474 | D:2      | Upgraded the game from 0.31-a0-38-g1548c4f2a5 to
                  | 0.31-a0-43-g46d131a48f
  1667 | D:3      | Noticed a bullfrog
  1678 | D:3      | Killed a bullfrog
  1679 | D:3      | Reached skill level 5 in Axes
  1679 | D:3      | Reached XP level 5. HP: 21/41 MP: 5/5
  2066 | D:3      | Noticed Natasha
  2070 | D:3      | Noticed Ijyb
  2076 | D:3      | Killed Natasha
  2081 | D:3      | Killed Ijyb
  2082 | D:3      | Reached skill level 6 in Axes
  2193 | D:3      | Gained mutation: You have a pair of small horns on your
                  | head. [demonic ancestry]
  2193 | D:3      | Reached XP level 6. HP: 47/47 MP: 6/6
  2326 | D:3      | Noticed Natasha
  2333 | D:3      | Killed Natasha
  2403 | D:3      | Noticed Robin
  2416 | D:3      | Killed Robin
  2689 | D:3      | Noticed Natasha
  2698 | D:3      | Killed Natasha
  2733 | D:3      | Noticed Terence
  2744 | D:3      | Killed Terence
  2745 | D:3      | Reached skill level 7 in Axes
  2939 | D:3      | Reached *** piety under Trog
  2951 | D:3      | Reached XP level 7. HP: 52/52 MP: 7/7
  3247 | D:4      | Found a staircase to the Ecumenical Temple.
  3264 | Temple   | Entered the Ecumenical Temple
  3668 | D:4      | Reached skill level 8 in Axes
  3926 | D:4      | Noticed an angel
  3927 | D:4      | Found a shimmering altar of Xom.
  4109 | D:4      | Found a blossoming altar of Fedhas.
  4109 | D:4      | Found a hazy altar of Hepliaklqana.
  4153 | D:4      | Reached **** piety under Trog
  4251 | D:5      | Entered Level 5 of the Dungeon
  4284 | D:5      | Reached skill level 9 in Axes
  4284 | D:5      | Gained mutation: You have sharp fingernails. [demonic
                  | ancestry]
  4284 | D:5      | Reached XP level 8. HP: 49/58 MP: 8/8
  4354 | D:5      | Reached skill level 1 in Shields
  4790 | D:5      | Noticed bmj180's ghost (novice DrAE)
  4830 | D:5      | Found a runed translucent gate.
  4830 | D:5      | Found a runed translucent gate.
  4830 | D:5      | Found a runed translucent gate.
  5611 | D:6      | Reached skill level 10 in Axes
  6049 | D:6      | Found a hide-covered altar of Uskayaw.
  6066 | D:6      | Found a stormy altar of Qazlal.
  6179 | D:6      | Found a shimmering blue altar of Sif Muna.
  6179 | D:6      | Found a snail-covered altar of Cheibriados.
  6201 | D:6      | Reached XP level 9. HP: 55/63 MP: 9/9
  7306 | D:7      | Reached skill level 11 in Axes
  7767 | D:7      | Noticed a white ugly thing
  7778 | D:7      | Demolished by a white ugly thing

Illustrated notes

Levels and vault maps discovered:
D:1:      dpeg_arrival_renting, layout_basic, chequers_ecumenical_altar_grove,
          minmay_worlds_worst_comb
D:2:      minmay_recursive_quarters, layout_rooms,
          nicolae_kite_square_tiling_tiny
D:3:      cheibrodos_fertilizer, layout_basic, uniq_terence, uniq_natasha,
          uniq_robin, uniq_ijyb
D:4:      layout_gridville, grunt_temple_overflow_order_and_chaos_1,
          gammafunk_temple_overflow_elements, minmay_temple_entry_water_ring,
          serial_undead, serial_undead_c, serial_undead_f, serial_undead_b,
          serial_undead_d
D:5:      layout_loops_ring, gammafunk_ghost_icy
D:6:      layout_layer_cave, nicolae_overflow_hallway_of_the_gods
D:7:      layout_basic, kennysheep_okawaru_gauntlet, grunt_decor_one_mirror,
          kb_rosetta
Temple:   hellmonk_temple_flake

Skill      XL: |  1  2  3  4  5  6  7  8  9 |
---------------+----------------------------+-----
Axes           | 3 4 5 6 7 9 10 11 | 11.3
Shields        | 3 4 |  4.9
Fighting       | |  3.0
Armour         | |  1.7
Dodging        | |  1.7

Action                     |  1- 3 |  4- 6 |  7- 9 || total
---------------------------+-------+-------+-------++-------
  Melee: Hand axe          |   102 |    99 |   183 ||   384
         Kick              |       |    25 |    79 ||   104
         Headbutt          |       |     6 |    54 ||    60
         War axe           |       |       |    99 ||    99
 Invoke: Berserk           |     2 |     9 |    10 ||    21
         Trog's Hand       |       |     1 |       ||     1
   Stab: Sleeping          |     2 |       |       ||     2
 Armour: Animal skin       |    24 |     8 |       ||    32
         Leather armour    |       |    16 |    13 ||    29
         Chain mail        |       |       |    39 ||    39
  Dodge: Dodged            |    65 |    71 |   127 ||   263
  Block: Buckler           |       |       |    23 ||    23

Table legend: (Time is in decaauts)
 A = Elapsed time spent in this place.
 B = Non-inter-level travel time spent in this place.
 C = Inter-level travel time spent in this place.
 D = Time resting spent in this place.
 E = Time spent auto-exploring this place.
 F = Levels seen in this place.
 G = Mean time per level.
                   A        B        C        D        E       F      G
               +--------+--------+--------+--------+--------+-----+--------+
         Total |   7953 |   7679 |    274 |   1779 |   4935 |   8 |  994.1 |
       Dungeon |   7803 |   7538 |    265 |   1779 |   4808 |   7 | 1114.7 |
        Temple |    149 |    140 |      9 |      0 |    127 |   1 |  149.0 |
               +--------+--------+--------+--------+--------+-----+--------+

Top non-repeatable levels by time:
     D:6: 1806 daAuts
     D:3: 1649 daAuts
     D:5: 1239 daAuts
     D:1: 1063 daAuts
     D:4: 910 daAuts
     D:2: 621 daAuts
     D:7: 513 daAuts
  Temple: 149 daAuts
